 Dungeon Crawl Stone Soup version 0.22-a0-482-g76e0a5f (webtiles) character file.

93 gmonis the Cudgeler (level 4, -8/39 HPs)
             Began as a Minotaur Berserker on June 17, 2018.
             Was a Believer of Trog.
             Killed from afar by Gildeon's ghost (13 damage)
             ... with a spray of energy
             ... on level 3 of the Dungeon.
             The game lasted 00:02:10 (2115 turns).

gmonis the Cudgeler (Minotaur Berserker)            Turns: 2115, Time: 00:02:11

Health: -8/39      AC:  2    Str: 22    XL:     4   Next: 36%
Magic:  3/3        EV: 11    Int:  4    God:    Trog [**....]
Gold:   94         SH:  3    Dex: 10    Spells: 3/3 levels left

rFire    . . .     SeeInvis .   a - +0 mace
rCold    . . .     Gourm    .   g - +0 buckler
rNeg     . . .     Faith    .   b - +0 animal skin
rPois    .         Spirit   .   (helmet restricted)
rElec    .         Reflect  .   (no cloak)
rCorr    .         Harm     .   (no gloves)
MR       .....                  (no boots)
Stlth    +.........             (no amulet)
HPRegen  0.13/turn              (no ring)
MPRegen  0.08/turn              (no ring)

@: no status effects
A: retaliatory headbutt, horns 2
a: Berserk, Trog's Hand, Renounce Religion


You were on level 3 of the Dungeon.
You worshipped Trog.
Trog was pleased with you.
You were not hungry.

You visited 1 branch of the dungeon, and saw 3 of its levels.

You collected 94 gold pieces.

Inventory:

Hand Weapons
 a - a +0 mace (weapon)
Missiles
 e - 105 stones (quivered)
Armour
 b - a +0 animal skin (worn)
 g - a +0 buckler (worn)
Scrolls
 h - a scroll of amnesia {unknown}
 k - 2 scrolls of teleportation {unknown}
 l - 2 scrolls of random uselessness {unknown}
 n - a scroll of remove curse {unknown}
Potions
 d - a potion of brilliance {unknown}
 f - 3 potions of curing {unknown}
 i - a potion of degeneration {unknown}
 j - a potion of might {unknown}
 o - a potion of ambrosia {unknown}
Comestibles
 c - 2 rations


   Skills:
 - Level 3.6 Fighting
 + Level 6.3 Maces & Flails
 - Level 2.4 Armour
 - Level 2.1 Dodging


You had 3 spell levels left.
You didn't know any spells.
Your spell library was empty.

Dungeon Overview and Level Annotations

Branches:
Dungeon (3/15)

Altars:

Annotations:
D:3 Gildeon's ghost, amateur OpCj


Innate Abilities, Weirdness & Mutations

You reflexively headbutt those who attack you in melee.
You have a pair of horns on your head.


Message History

You're too confused!
A hobgoblin comes into view. It is wielding a club.
Gildeon's ghost hits you.
You're too confused to move!
Gildeon's ghost hits you but does no damage.
You bump into the rock wall.
Gildeon's ghost says very slowly, "There's no hope."
Gildeon's ghost hits you.
* * * LOW HITPOINT WARNING * * *
You bump into the rock wall.
Gildeon's ghost hits you.
* * * LOW HITPOINT WARNING * * *
You feel less confused.
Gildeon's ghost stares at you and mumbles some strange words.
The magic dart hits you!
* * * LOW HITPOINT WARNING * * *
An adder comes into view.
You see here an adder skeleton.
Gildeon's ghost casts a spell at you. The spray of energy hits you!
You die...

#. #######...........>. #.
#.....#.. .........(
..###.....). .........$
#........## #.........
#.........# #.......
#.........####.....
#..........g.....#
#.<....@.W.###..#
......^..#.####......###
...#.#...#...#####....)# .
........##.#####...#...#
...#.##.............####....
## #. ##......##†$...# ##. #
####.#............
.#####.....(.. #.#.......


You could see Gildeon's ghost and a hobgoblin.

Vanquished Creatures
  Jessica (D:2)
  2 adders (D:3)
  An ooze (D:2)
  A dart slug (D:1)
  A leopard gecko (D:1)
  A giant cockroach (D:1)
  3 goblins
  7 hobgoblins
  6 jackals
  4 bats
  A frilled lizard (D:1)
  7 kobolds
  4 rats
39 creatures vanquished.

Notes
Turn   | Place    | Note
-------+----------+-------------------------------------------
     0 | D:1      | gmonis the Minotaur Berserker began the quest for the Orb.
     0 | D:1      | Reached XP level 1. HP: 19/19 MP: 0/0
   136 | D:1      | Reached skill level 4 in Maces & Flails
   206 | D:1      | Reached XP level 2. HP: 7/26 MP: 1/1
   885 | D:1      | Reached skill level 5 in Maces & Flails
  1010 | D:1      | Reached XP level 3. HP: 31/31 MP: 2/2
  1639 | D:2      | Reached ** piety under Trog
  1773 | D:2      | Noticed Jessica
  1780 | D:2      | Killed Jessica
  1780 | D:2      | Reached skill level 6 in Maces & Flails
  1780 | D:2      | Reached XP level 4. HP: 39/39 MP: 3/3
  2100 | D:3      | Noticed Gildeon's ghost (amateur OpCj)
  2115 | D:3      | Killed from afar by Gildeon's ghost

Vault maps used:
D:1:      mushboom_english_gardens
D:2:      uniq_jessica

Skill      XL: |  1  2  3 |
---------------+----------+-----
Maces & Flails | 4 5 6 |  6.3
Fighting       | |  3.6
Armour         | |  2.4
Dodging        | |  2.1

Action                   |  1- 3 |  4- 6 || total
-------------------------+-------+-------++-------
Melee: Mace              |    64 |     9 ||    73
       Headbutt          |    10 |     2 ||    12
Invok: Berserk           |     1 |       ||     1
  Eat: Chunk             |     3 |     2 ||     5
Armor: Animal skin       |     8 |     6 ||    14
Dodge: Dodged            |    40 |     5 ||    45
Block: Buckler           |     5 |       ||     5

Table legend:
 A = Spawn XP
 B = Non-spawn XP
 C = Spawn XP percentage of total XP
 D = Spawn monster count
 E = Non-spawn monster count
 F = Spawn count percentage of total count
 G = Total turns spent on level
                    A         B        C        D         E        F      G
               +---------+---------+-------+---------+---------+-------+---------
         Total |       0 |     133 |   0.0 |       0 |      39 |   0.0 |  2115
               +---------+---------+-------+---------+---------+-------+---------
           D:1 |       0 |      45 |   0.0 |       0 |      25 |   0.0 |  1324
           D:2 |       0 |      58 |   0.0 |       0 |      10 |   0.0 |   714
           D:3 |       0 |      30 |   0.0 |       0 |       4 |   0.0 |    77
               +---------+---------+-------+---------+---------+-------+---------
